 Dungeon Crawl Stone Soup version 0.31-a0-431-g88bdf31460 (webtiles) character file.

Game seed: 3129562571152291113

3453 randomguy2701 the Cleaver (level 9, -4/79 HPs)
             Began as a Minotaur Fighter on July 31, 2023.
             Was a Believer of Fedhas.
             Slain by a troll (6 damage)
             ... on level 7 of the Dungeon.
             The game lasted 00:09:59 (6876 turns).

randomguy2701 the Cleaver (Minotaur Fighter)        Turns: 6876, Time: 00:10:01

Health: -4/79      AC: 11    Str: 18    XL:     9   Next: 78%
Magic:  9/9        EV: 14    Int:  5    God:    Fedhas [**....]
Gold:   358        SH:  5    Dex: 14    Spells: 8/8 levels left

rFire   . . .        v - +4 hand axe of Ruination {heavy, *Corrode rElec rN+++ Str-3}
rCold   . . .        c - +0 buckler
rNeg    + + +        J - +0 chain mail
rPois   .            (helmet restricted)
rElec   +            (no cloak)
rCorr   .            (no gloves)
SInv    +            (no boots)
Will    .....        p - amulet of the acrobat Stlth
                     m - +5 ring of evasion
HPRegen 0.33/turn    D - ring of see invisible
MPRegen 0.11/turn

%: corrode self (3%), acrobat
@: no status effects
A: horns 2, retaliatory headbutt
a: Renounce Religion, Wall of Briars


You were on level 7 of the Dungeon.
You worshipped Fedhas.
Fedhas was pleased with you.
You visited 2 branches of the dungeon, and saw 9 of its levels.

You collected 358 gold pieces.

Inventory:

Hand Weapons
 a - a +0 war axe
 v - the +4 hand axe of Ruination (weapon) {heavy, *Corrode rElec rN+++ Str-3}
   (You found it on level 3 of the Dungeon)

   Str:       It affects your strength (-3).
   rElec:     It insulates you from electricity.
   rN:        It renders you almost immune to negative energy.
   *Corrode:  It may corrode you when you take damage.
Missiles
 o - 4 throwing nets
Armour
 c - a +0 buckler (worn)
 J - a +0 chain mail (worn)
Jewellery
 m - a +5 ring of evasion (left hand)
 p - an amulet of the acrobat (around neck)
 D - a ring of see invisible (right hand)
 F - a ring of protection from fire
Wands
 b - a wand of acid (8)
Scrolls
 f - 5 scrolls of teleportation
 g - 3 scrolls of enchant weapon {unknown}
 i - 5 scrolls of fear {unknown}
 j - 3 scrolls of identify {unknown}
 k - a scroll of torment {unknown}
 l - 2 scrolls of immolation
 q - 2 scrolls of fog {unknown}
 s - a scroll of revelation {unknown}
 y - 3 scrolls of silence {unknown}
 z - a scroll of enchant armour {unknown}
 A - a scroll of amnesia {unknown}
 B - a scroll of vulnerability {unknown}
 E - a scroll of brand weapon {unknown}
 H - a scroll of noise {unknown}
Potions
 d - a potion of might
 e - 3 potions of curing {unknown}
 h - 2 potions of haste {unknown}
 n - a potion of ambrosia {unknown}
 r - 2 potions of resistance {unknown}
 t - a potion of mutation {unknown}
 u - 4 potions of berserk rage {unknown}
 x - 2 potions of magic {unknown}
 C - 2 potions of heal wounds {unknown}
 G - a potion of attraction {unknown}
Miscellaneous
 w - a phantom mirror


   Skills:
 + Level 7.4 Fighting
 + Level 11.0 Axes
 + Level 9.0 Armour
 + Level 3.6 Dodging
 + Level 1.9 Stealth
 + Level 6.0 Shields
 * Level 1.4 Invocations


You had 8 spell levels left.
You didn't know any spells.
Your spell library contained the following spells:

 Spells                   Type           Power      Damage    Failure   Level
 Kiss of Death            Conj/Necr      0%         2d5       99%         1
 Confusing Touch          Hex            0%         N/A       100%        3
 Gell's Gravitas          Tloc           0%         N/A       100%        3
 Teleport Other           Tloc           0%         N/A       100%        3
 Dispel Undead            Necr           0%         3d6       100%        4
 Dispersal                Tloc           0%         N/A       100%        6


Dungeon Overview and Level Annotations

Branches:
Dungeon (8/15)             Temple (1/1) D:5
   Lair: D:8-11

Altars:
Ashenzari
Cheibriados
Dithmenos
Fedhas
Gozag
Hepliaklqana
Kikubaaqudgha
Makhleb
Nemelex Xobeh
Okawaru
Qazlal
Ru
Trog
Uskayaw
Vehumet
Wu Jian
Yredelemnul
Zin
The Shining One

Shops:
D:2 ?


Innate Abilities, Weirdness & Mutations

You have a pair of horns on your head.
You reflexively headbutt those who attack you in melee.


Message History

HP restored.
Done exploring.
There is a stone staircase leading down here.
You climb downwards.
There is a stone staircase leading up here.
The troll bites you! You block the troll's attack.
The troll closely misses you.
You climb upwards.
There is a stone staircase leading down here.
You can't go up here!
You can't go up here!
You can't go up here!
You barely miss the troll. The troll bites you! The troll claws you.
You block the troll's attack. The troll misses you. The troll claws you!
The troll claws you.
You are too injured to fight recklessly!
You are too injured to fight recklessly!
You are too injured to fight recklessly!
You barely miss the troll. Your headbutt misses the troll.
You block the troll's attack. The troll claws you but does no damage.
The troll claws you!
You hit the troll. You headbutt the troll.
The troll is lightly wounded.
The troll misses you. The troll completely misses you. The troll claws you.
You slash the troll! Your headbutt misses the troll.
The troll is moderately wounded.
You block the troll's attack. The troll barely misses you. The troll claws you!
* * * LOW HITPOINT WARNING * * *
You slash the troll!
The troll is severely wounded.
The troll barely misses you. The troll claws you.
* * * LOW HITPOINT WARNING * * *
The troll barely misses you.
You slash the troll!
The troll is almost dead.
The troll bites you!
* * * LOW HITPOINT WARNING * * *
You block the troll's attack. The troll claws you.
You die...
Fedhas appreciates your contribution to the ecosystem.

.....#
##...................#
######
#.............⌠.....#
##.####............##
#.# #...........##
#.####......._...#
#....#....#....###
####.#....#.####
#...T..#.########
###@............#
#############.# #.#
#.# #.# #.# #.# #.#
#### #.#


You could see a troll.

Vanquished Creatures
  Joseph (D:7)
  Grinder (D:5)
  Sigmund (D:5)
  A steam dragon (D:6)
  A water moccasin (D:7)
  2 ice beasts
  4 sky beasts
  3 ogres
  The ghost of mandarbmax the Shooter, an amateur DrHs of Makhleb (D:3)
  2 centaurs
  A bullfrog (D:8)
  3 kobold brigands
  A killer bee (D:8)
  5 howler monkeys
  4 jellies
  4 orc priests
  A sleepcap (D:3)
  5 iguanas
  Natasha (thrice) (D:4)
  3 orc wizards
  Robin (D:2)
  5 gnolls
  7 adders
  A shadow imp (D:5)
  2 white imps
  An ufetubus (D:6)
  2 worms
  3 dart slugs
  16 orcs
  9 ball pythons
  8 endoplasms
  5 giant cockroaches
  17 goblins
  11 hobgoblins
  6 jackals
  6 quokkas
  8 bats
  2 frilled lizards
  17 kobolds
  5 rats
  A butterfly (D:5)
180 creatures vanquished.

Vanquished Creatures (collateral kills)
  A water moccasin (D:8)
  A bullfrog (D:8)
2 creatures vanquished.

Vanquished Creatures (others)
  An orc (D:6)
1 creature vanquished.

Grand Total: 183 creatures vanquished

Notes
Turn   | Place    | Note
-------+----------+-------------------------------------------
     0 | D:1      | randomguy2701 the Minotaur Fighter began the quest for the
                  | Orb.
     0 | D:1      | Reached XP level 1. HP: 19/19 MP: 0/0
    59 | D:1      | Reached XP level 2. HP: 22/27 MP: 1/1
   359 | D:1      | Reached XP level 3. HP: 32/33 MP: 2/2
   360 | D:1      | Reached skill level 3 in Axes
   797 | D:2      | Noticed Robin
   807 | D:2      | Reached XP level 4. HP: 21/40 MP: 3/3
   816 | D:2      | Killed Robin
   967 | D:2      | Found Wyasea's Magic Scroll Emporium.
  1203 | D:2      | Reached skill level 4 in Axes
  1552 | D:3      | Found a basalt altar of Yredelemnul.
  1741 | D:3      | Reached XP level 5. HP: 15/47 MP: 4/4
  1870 | D:3      | Reached skill level 1 in Dodging
  1884 | D:3      | Reached skill level 5 in Axes
  2017 | D:3      | Found a runed translucent door.
  2018 | D:3      | Noticed mandarbmax's ghost (amateur DrHs)
  2076 | D:3      | Reached skill level 5 in Armour
  2076 | D:3      | Found a hide-covered altar of Uskayaw.
  2150 | D:3      | Identified the +4 hand axe of Ruination {heavy, *Corrode
                  | rElec rN+++ Str-3}
  2246 | D:3      | Reached XP level 6. HP: 52/53 MP: 5/5
  2506 | D:3      | Killed mandarbmax's ghost
  2507 | D:3      | Reached skill level 6 in Axes
  2765 | D:4      | Noticed Natasha
  2770 | D:4      | Killed Natasha
  2807 | D:4      | Found a broken altar of Ashenzari.
  2876 | D:4      | Noticed Natasha
  2883 | D:4      | Killed Natasha
  2904 | D:4      | Noticed Natasha
  2909 | D:4      | Killed Natasha
  2910 | D:4      | Reached XP level 7. HP: 60/60 MP: 6/6
  2985 | D:4      | Reached skill level 5 in Fighting
  3042 | D:5      | Entered Level 5 of the Dungeon
  3049 | D:5      | Noticed Grinder
  3055 | D:5      | Killed Grinder
  3056 | D:5      | Reached skill level 7 in Axes
  3243 | D:5      | Noticed Sigmund
  3251 | D:5      | Killed Sigmund
  3478 | D:5      | Found a staircase to the Ecumenical Temple.
  3487 | D:5      | Reached skill level 8 in Axes
  3487 | D:5      | Reached XP level 8. HP: 59/70 MP: 7/7
  3535 | Temple   | Entered the Ecumenical Temple
  3578 | Temple   | Became a worshipper of Fedhas Madash
  4026 | D:5      | Reached skill level 1 in Stealth
  4265 | D:5      | Found a burning altar of Makhleb.
  4308 | D:6      | Reached skill level 5 in Shields
  4311 | D:6      | Reached skill level 9 in Axes
  4403 | D:6      | Reached * piety under Fedhas
  4925 | D:7      | Reached XP level 9. HP: 75/78 MP: 8/8
  5212 | D:7      | Reached skill level 10 in Axes
  5474 | D:7      | Found an iron altar of Okawaru.
  5474 | D:7      | Found a sacrificial altar of Ru.
  5525 | D:7      | Noticed Joseph
  5531 | D:7      | Killed Joseph
  5696 | D:7      | Found a glowing golden altar of the Shining One.
  5714 | D:7      | Reached ** piety under Fedhas
  6018 | D:7      | Found an opulent altar of Gozag.
  6605 | D:8      | Noticed a manticore
  6619 | D:8      | Noticed a troll
  6638 | D:8      | Reached skill level 1 in Invocations
  6640 | D:8      | Reached skill level 11 in Axes
  6876 | D:7      | HP: 2/79 [troll (11)]
  6876 | D:7      | Slain by a troll

Illustrated notes

Levels and vault maps discovered:
D:1:      minmay_arrival_five_plusses, layout_loops_ring
D:2:      layout_loops_ring, serial_shops, nicolae_shop_pleasant_corner_grove,
          amethyst_killhole, minmay_misc_feat_encased,
          minmay_randomly_rotated_circles, uniq_robin
D:3:      layout_basic, mainiacjoe_overflow_concentric_impassable,
          mainiacjoe_overflow_alcove_1, ebering_ghost_inner_flame,
          minmay_cut_off
D:4:      layout_cave_pools, kennysheep_mini, uniq_natasha
D:5:      layout_basic, mainiacjoe_overflow_alcove_2,
          minmay_temple_entry_butterflies, amcnicky_mini_pool_medium,
          uniq_sigmund, uniq_grinder
D:6:      layout_cave_pools, corexii_checkpoint_a
D:7:      layout_basic, nicolae_overflow_crystal_walls, kennysheep_little_box,
          grunt_temple_overflow_open, uniq_joseph
D:8:      hangedman_cross_stitches, layout_loops_ring,
          nicolae_sif_muna_little_library, serial_shops,
          nicolae_shop_rolling_square
Temple:   chequers_temple_sunken

Skill      XL: |  1  2  3  4  5  6  7  8  9 |
---------------+----------------------------+-----
Fighting       | 4 5 6 7 |  7.4
Shields        | 4 5 6 |  6.0
Axes           | 3 4 5 6 8 9 11 | 11.0
Armour         | 4 5 6 7 9 |  9.0
Dodging        | 1 2 3 |  3.6
Stealth        | 1 |  1.9
Invocations    | 1 |  1.4

Action                     |  1- 3 |  4- 6 |  7- 9 || total
---------------------------+-------+-------+-------++-------
  Melee: War axe           |    72 |   100 |       ||   172
         Headbutt          |     9 |    19 |    21 ||    49
         Hand axe          |       |    37 |   159 ||   196
 Invoke: Wall of Briars    |       |       |     3 ||     3
    Use: Scroll            |       |       |     1 ||     1
 Armour: Scale mail        |    27 |    58 |    29 ||   114
         Chain mail        |       |       |    16 ||    16
  Dodge: Dodged            |    36 |    85 |   169 ||   290
  Block: Buckler           |    21 |    25 |    47 ||    93

Table legend: (Time is in decaauts)
 A = Elapsed time spent in this place.
 B = Non-inter-level travel time spent in this place.
 C = Inter-level travel time spent in this place.
 D = Time resting spent in this place.
 E = Time spent auto-exploring this place.
 F = Levels seen in this place.
 G = Mean time per level.
                   A        B        C        D        E       F      G
               +--------+--------+--------+--------+--------+-----+--------+
         Total |   7026 |   6429 |    597 |      0 |   5413 |   9 |  780.7 |
       Dungeon |   6971 |   6428 |    543 |      0 |   5413 |   8 |  871.4 |
        Temple |     55 |      1 |     54 |      0 |      0 |   1 |   55.0 |
               +--------+--------+--------+--------+--------+-----+--------+

Top non-repeatable levels by time:
     D:7: 1594 daAuts
     D:5: 1273 daAuts
     D:2: 1065 daAuts
     D:3: 961 daAuts
     D:1: 739 daAuts
     D:6: 652 daAuts
     D:4: 517 daAuts
     D:8: 166 daAuts
  Temple: 55 daAuts
